 Dungeon Crawl Stone Soup version 0.17-a0-1880-gacf7e67 (webtiles) character file.

37 mcbry74 the Cutter (level 3, -3/26 HPs)
             Began as a Halfling Berserker on Sept 21, 2015.
             Was a Follower of Trog.
             Slain by Sigmund
             ... wielding a +0 scythe
              (12 damage)
             ... on level 2 of the Dungeon.
             The game lasted 00:05:42 (2095 turns).

mcbry74 the Cutter (Halfling Berserker)             Turns: 2095, Time: 00:05:42

Health: -3/26      AC:  2    Str: 18    XL:     3   Next: 60%
Magic:  3/3        EV: 15    Int:  6    God:    Trog [*.....]
Gold:   33         SH:  0    Dex: 13    Spells: 0 memorised, 2 levels left

rFire  . . .     SeeInvis .     a - +0 short sword
rCold  . . .     Clarity  .     b - +0 animal skin
rNeg   . . .     SustAt   .     (shield restricted)
rPois  .         Gourm    .     (no helmet)
rElec  .         Spirit   .     (no cloak)
rCorr  .         Warding  .     (no gloves)
rMut   .         Stasis   .     (no boots)
MR     .....                    (no amulet)
Stlth  +.........               (no ring)
                                (no ring)

@: exhausted, slowed, very slow, not resistant to hostile enchantments, very
unstealthy
A: mutation resistance 1
a: Burn Spellbooks, Berserk, Renounce Religion


You were on level 2 of the Dungeon.
You worshipped Trog.
Trog was aware of your devotion.
You were very hungry.

You visited 1 branch of the dungeon, and saw 2 of its levels.

You collected 33 gold pieces.

Inventory:

Hand weapons
 a - a +0 short sword (weapon)
Armour
 b - a +0 animal skin (worn)
Scrolls
 c - a scroll of blinking {unknown}
 d - a scroll of fear {unknown}
Comestibles
 f - a chunk of flesh


   Skills:
 + Level 3.1 Fighting
 + Level 4.7 Short Blades
 + Level 2.5 Armour
 + Level 2.5 Dodging


You had 2 spell levels left.
You didn't know any spells.

Dungeon Overview and Level Annotations

Branches:
Dungeon (2/15)

Altars:

Annotations:
D:2 Sigmund


Innate Abilities, Weirdness & Mutations

You are small and have problems with some larger weapons.
You are somewhat resistant to further mutation.


Message History

Sigmund is severely wounded.
Sigmund completely misses you. The worm barely misses you.
You hit Sigmund but do no damage.
Sigmund is severely wounded.
Sigmund misses you.
You closely miss Sigmund.
Sigmund is severely wounded.
The worm completely misses you. Sigmund misses you.
You barely miss Sigmund.
Sigmund is severely wounded.
The worm misses you. Sigmund closely misses you.
You hit Sigmund but do no damage.
Sigmund is severely wounded.
The worm bites you!
Unknown command.
You hit Sigmund.
Sigmund is severely wounded.
Sigmund casts a spell at you. You resist with significant effort.
Sigmund hits you with a scythe!
You die...

#.....# #.....#
####.....#######
#..........[.... #.#
#............... #.#
#............... #.#
#....†..........
..#######......†@@......
.................w......
.......####?....###.....
.......####.....# ....
.........##....?# ...
#>####...##.....# .. #.#
#...##.....# . #.#
#........### #.#
#....##..#


You could see Sigmund and a worm.

Vanquished Creatures
  An adder (D:2)
  An ooze (D:1)
  A worm (D:2)
  A giant gecko (D:1)
  3 hobgoblins (D:1)
  3 kobolds (D:1)
  A ball python (D:2)
  3 bats (D:1)
  A giant newt (D:1)
  3 goblins (D:1)
  A quokka (D:2)
  4 rats (D:1)
23 creatures vanquished.

Notes
Turn   | Place    | Note
--------------------------------------------------------------
     0 | D:1      | mcbry74 the Halfling Berserker began the quest for the Orb.
     0 | D:1      | Reached XP level 1. HP: 15/15 MP: 1/1
     0 | D:1      | Noticed a shadow dragon
     0 | D:1      | Noticed an orb of fire
     0 | D:1      | Noticed a large abomination
     2 | D:1      | Noticed a large abomination
     5 | D:1      | Noticed an iron dragon
     8 | D:1      | Noticed a large abomination
    12 | D:1      | Noticed a shadow dragon
    12 | D:1      | Noticed an orb of fire
    14 | D:1      | Noticed a red draconian
    16 | D:1      | Noticed a shadow dragon
    16 | D:1      | Noticed an orb of fire
    16 | D:1      | Noticed a black draconian
    18 | D:1      | Noticed an ice dragon
    20 | D:1      | Noticed an orb of fire
   652 | D:1      | Reached XP level 2. HP: 20/20 MP: 2/2
  1742 | D:1      | Reached XP level 3. HP: 22/26 MP: 3/3
  2067 | D:2      | Noticed Sigmund
  2095 | D:2      | Slain by Sigmund

Vault maps used:
D:1:      shiori_arrival_whats_in_store_for_you
D:2:      first_bread, corexii_leaking_fountain, nemelex_spade_bored_becter,
          uniq_jessica, uniq_sigmund, uniq_terence

Action                   || total
-------------------------++-------
Melee: Short sword       ||    96
Invok: Berserk           ||     5
  Eat: Chunk             ||     3
       Bread ration      ||     1
